 Dungeon Crawl Stone Soup version 0.18-a0-1057-g88203af (console) character file.

1801 FIQ the Basher (level 8, -14/73 HPs)
             Began as a Minotaur Berserker on Jan 12, 2016.
             Was an Elder of Trog.
             Demolished by an orc warrior
             ... wielding a +0 halberd
              (20 damage)
             ... in a bailey.
             The game lasted 00:11:03 (5814 turns).

FIQ the Basher (Minotaur Berserker)                 Turns: 5814, Time: 00:11:03

Health: -14/73     AC: 17    Str: 22    XL:     8   Next: 83%
Magic:  7/7        EV:  9    Int:  2    God:    Trog [****..]
Gold:   315        SH:  0    Dex: 16    Spells: 0 memorised, 7 levels left

rFire  . . .     SeeInvis .     w - +2 war axe {chop, rC+ Int-2 Dex+4}
rCold  + + .     Gourm    .     B - +4 plate armour
rNeg   . . .     Faith    .     (no shield)
rPois  .         Spirit   .     (helmet restricted)
rElec  .         Dismiss  .     (no cloak)
rCorr  +         Reflect  .     (no gloves)
SustAt .         Harm     .     (no boots)
MR     .....                    (no amulet)
Stlth  ..........               x - ring of protection from cold
                                h - ring of resist corrosion

@: exhausted, slowed, very slow, not resistant to hostile enchantments,
extremely unstealthy
A: retaliatory headbutt, horns 2
a: Berserk, Trog's Hand, Brothers in Arms, Burn Spellbooks, Renounce Religion


You were in a bailey.
You worshipped Trog.
Trog was greatly pleased with you.
You were very hungry.

You visited 1 branch of the dungeon, and saw 7 of its levels.
You also visited: Bailey.

You collected 315 gold pieces.

Inventory:

Hand Weapons
 o - a +0 whip
 s - a +0 flail of venom
 w - the +2 war axe "Heckuty" (weapon) {chop, rC+ Int-2 Dex+4}
   (You found it on level 5 of the Dungeon)

   It inflicts extra damage upon your enemies.
   It affects your intelligence (-2).
   It affects your dexterity (+4).
   It protects you from cold.
 C - a +0 hand axe
Armour
 y - the +1 leather armour of the Orcish Mines {rN+}
   (You took it off an orc priest on level 6 of the Dungeon)

   It protects you from negative energy.
 B - a +4 plate armour (worn)
Jewellery
 h - a ring of resist corrosion (left hand)
 x - a ring of protection from cold (right hand)
Scrolls
 b - 2 scrolls of enchant weapon {unknown}
 d - 2 scrolls of random uselessness {unknown}
 e - 4 scrolls of remove curse
 i - 2 scrolls of blinking {unknown}
 j - a scroll of teleportation {unknown}
 k - 2 scrolls of identify {unknown}
 l - 3 scrolls of magic mapping
 n - a scroll of recharging {unknown}
 v - a scroll of noise {unknown}
 A - a scroll of fog {unknown}
Potions
 a - a potion of invisibility
 f - a potion of cancellation {unknown}
 m - a potion of cure mutation {unknown}
 p - 3 potions of curing {unknown}
 q - 2 potions of ambrosia {unknown}
 u - a potion of mutation {unknown}
 z - a potion of magic {unknown}
Comestibles
 c - 5 bread rations
 g - 2 slices of pizza
 r - a beef jerky
 t - 38 chunks of flesh


   Skills:
 + Level 7.2 Fighting
 * Level 9.5 Maces & Flails
 + Level 6.6 Armour
 + Level 5.5 Dodging


You had 7 spell levels left.
You didn't know any spells.

Dungeon Overview and Level Annotations

Branches:
Dungeon (7/15)             Temple (0/1) D:7

Altars:
Nemelex Xobeh
Qazlal
Ru
Xom

Shops:
D:4 (   D:6 [


Innate Abilities, Weirdness & Mutations

You reflexively headbutt those who attack you in melee.
You have a pair of horns on your head.


Message History

Trog accepts your kill.
You closely miss the orc warrior.
The orc warrior is lightly wounded.
The orc warrior closely misses you. You furiously retaliate!
You headbutt the orc warrior. The orc hits you but does no damage.
The orc warrior hits you from afar with a halberd.
* * * LOW HITPOINT WARNING * * *
You closely miss the orc warrior.
The orc warrior is moderately wounded.
The orc barely misses you. The orc warrior barely misses you.
The orc warrior hits you but does no damage.
You slash the orc warrior!
You kill the orc warrior!
Trog accepts your kill. The orc closely misses you.
You are no longer berserk.
You are exhausted.
You feel yourself slow down.
You are feeling very hungry.
The orc warrior hits you with a halberd!!
You die...

####### #######
......## ##.....##
.).....######..oo...#
.)))...#....#..)@)..+
..)....'....'.))))..+
))))...#....#..))...+
.......######.......#
......## ##.....##
####### #######


You could see an orc warrior and an orc.

Vanquished Creatures
  Prince Ribbit (D:6)
  A black bear (D:7)
  4 orc warriors
  An ice beast (D:6)
  2 ogres
  A water moccasin zombie (D:3)
  A scorpion (D:6)
  2 crimson imps
  A giant frog skeleton (D:6)
  A gnoll shaman (D:7)
  7 orc priests
  An iguana (D:7)
  2 worker ants
  17 gnolls
  4 adders
  An adder skeleton (D:5)
  4 worms
  3 giant geckos
  41 orcs
  3 giant cockroaches
  7 goblins
  2 hobgoblins
  5 jackals
  9 kobolds
  4 quokkas
  9 bats
  6 giant newts
  8 rats
148 creatures vanquished.

Vanquished Creatures (others)
  An ice beast (D:6)
1 creature vanquished.

Grand Total: 149 creatures vanquished

Notes
Turn   | Place    | Note
--------------------------------------------------------------
     0 | D:1      | FIQ the Minotaur Berserker began the quest for the Orb.
     0 | D:1      | Reached XP level 1. HP: 19/19 MP: 0/0
   226 | D:1      | Reached XP level 2. HP: 25/27 MP: 1/1
   680 | D:2      | Reached skill level 4 in Maces & Flails
   819 | D:2      | Reached XP level 3. HP: 4/33 MP: 2/2
  1195 | D:2      | Reached ** piety under Trog
  1835 | D:3      | Reached skill level 5 in Maces & Flails
  1835 | D:3      | Reached XP level 4. HP: 29/40 MP: 3/3
  2060 | D:3      | Reached XP level 5. HP: 33/47 MP: 4/4
  2175 | D:3      | Found a sparkling altar of Nemelex Xobeh.
  2175 | D:3      | Found a sacrificial altar of Ru.
  2599 | D:3      | Reached skill level 6 in Maces & Flails
  2599 | D:3      | Reached XP level 6. HP: 53/53 MP: 5/5
  2602 | D:3      | Reached *** piety under Trog
  3074 | D:4      | Reached skill level 5 in Fighting
  3446 | D:4      | Found a shimmering altar of Xom.
  3478 | D:4      | Found a shimmering altar of Xom.
  3484 | D:4      | Found a shimmering altar of Xom.
  3539 | D:4      | Found Gosakej's Weapon Shoppe.
  3784 | D:5      | Entered Level 5 of the Dungeon
  3960 | D:5      | Reached skill level 7 in Maces & Flails
  3960 | D:5      | Reached XP level 7. HP: 23/61 MP: 6/6
  4512 | D:5      | Got a fine war axe
  4513 | D:5      | Identified the cursed +2 war axe "Heckuty" {chop, rC+ Int-2 Dex+4} (You found it on level 5 of the Dungeon)
  4619 | D:6      | Reached skill level 5 in Armour
  4820 | D:6      | Found a stormy altar of Qazlal.
  4868 | D:6      | Got a distressingly furry leather armour
  4881 | D:6      | Identified the +1 leather armour of the Orcish Mines {rN+} (You took it off an orc priest on level 6 of the Dungeon)
  4923 | D:6      | Found Tamac's Armour Shop.
  4949 | D:6      | Noticed Prince Ribbit
  4955 | D:6      | Killed Prince Ribbit
  4955 | D:6      | Reached **** piety under Trog
  4955 | D:6      | Reached skill level 8 in Maces & Flails
  4955 | D:6      | Reached XP level 8. HP: 70/70 MP: 7/7
  5191 | D:6      | Reached skill level 5 in Dodging
  5643 | D:7      | Reached skill level 9 in Maces & Flails
  5688 | D:7      | Found a flagged portal.
  5710 | Bailey   | Entered a bailey
  5814 | Bailey   | Demolished by an orc warrior

Vault maps used:
D:1:      sevenhm_arrival_forest_fort_large_4
D:2:      minmay_misc_feat_four_crosses
D:3:      amethyst_overflow_temple_binary, first_bread
D:4:      serial_shops, nicolae_shop_crystal, xom_redecorated
D:6:      serial_shops, kennysheep_little_box, nicolae_qazlal_eye_of_the_storm,
          uniq_prince_ribbit1
D:7:      temple_doors_c, enter_bailey_3, abandoned_shop
Bailey:   bailey_polearm_5, bailey

Action                   |  1- 3 |  4- 6 |  7- 9 || total
-------------------------+-------+-------+-------++-------
Melee: Mace              |    70 |    68 |       ||   138
       Flail             |       |    50 |     5 ||    55
       War axe           |       |       |    95 ||    95
Invok: Berserk           |     1 |     5 |     8 ||    14
  Use: Scroll            |       |       |     2 ||     2
  Eat: Chunk             |     3 |    12 |     7 ||    22
       Meat ration       |       |       |     1 ||     1
       Pizza             |       |       |     1 ||     1
